 Dungeon Crawl Stone Soup version 0.27-a0-1322-gfdffb62a71 (webtiles) character file.

Game seed: 8309987682829763833

25 dolemite99 the Slasher (level 2, 0/24 HPs)
             Began as a Demonspawn Berserker on June 23, 2021.
             Was a Follower of Trog.
             Slain by a kobold (6 damage)
             ... on level 2 of the Dungeon.
             The game lasted 00:01:05 (1151 turns).

dolemite99 the Slasher (Demonspawn Berserker)       Turns: 1151, Time: 00:01:05

Health: 0/24       AC:  2    Str: 17    XL:     2   Next: 82%
Magic:  2/2        EV: 12    Int:  8    God:    Trog [*.....]
Gold:   40         SH:  0    Dex: 12    Spells: 1/1 levels left

rFire    . . .     SeeInvis .   a - +0 falchion
rCold    . . .     Faith    .   (no shield)
rNeg     . . .     Spirit   .   b - +0 animal skin
rPois    .         Reflect  .   c - +0 hat
rElec    .         Harm     .   (no cloak)
rCorr    .         Rampage  .   (no gloves)
Will     .....                  (no boots)
Stlth    +.........             (no amulet)
HPRegen  0.08/turn              (no ring)
MPRegen  0.08/turn              (no ring)

@: brilliant
A: powered by pain 1
a: Renounce Religion, Berserk


You were on level 2 of the Dungeon.
You worshipped Trog.
Trog was aware of your devotion.
You visited 1 branch of the dungeon, and saw 2 of its levels.

You collected 40 gold pieces.

Inventory:

Hand Weapons
 a - a +0 falchion (weapon)
Missiles
 f - 24 sling bullets
 g - 19 stones
 k - 16 arrows
 l - 17 bolts
Armour
 b - a +0 animal skin (worn)
 c - a +0 hat (worn)
Scrolls
 d - a scroll of enchant weapon {unknown}
 e - a scroll of magic mapping {unknown}
 h - a scroll of identify {unknown}
 j - a scroll of amnesia {unknown}
 m - a scroll of fear {unknown}
Potions
 i - a potion of mutation {unknown}


   Skills:
 - Level 3.0 Fighting
 + Level 3.7 Long Blades
 - Level 1.7 Armour
 - Level 1.7 Dodging


You had one spell level left.
You didn't know any spells.
Your spell library was empty.

Dungeon Overview and Level Annotations

Branches:
Dungeon (2/15)

Altars:

Shops:
D:1 [


Innate Abilities, Weirdness & Mutations

You sometimes gain a little power by taking damage.


Message History

You hit the giant cockroach.
The giant cockroach is moderately wounded.
You hit the giant cockroach but do no damage.
The giant cockroach is moderately wounded.
The giant cockroach bites you.
You closely miss the giant cockroach.
The giant cockroach is moderately wounded.
The giant cockroach bites you but does no damage.
You hit the giant cockroach.
You kill the giant cockroach!
Trog accepts your kill.
No target in view!
You see here a giant cockroach corpse.
No target in view!
No target in view!
Found a stone staircase leading up.
No target in view!
A kobold comes into view.
It is wielding a +2 short sword of protection.
The kobold shouts!
You hear an angry hiss.
You see here 6 gold pieces.
You now have 40 gold pieces (gained 6).
An adder comes into view.
The kobold hits you with a +2 short sword of protection.
Found 13 gold pieces.
The kobold hits you with a +2 short sword of protection.
You hit the kobold but do no damage.
The kobold hits you with a +2 short sword of protection!
The adder bites you.
* * * LOW HITPOINT WARNING * * *
You hit the kobold.
The kobold is moderately wounded.
The kobold completely misses you.
You riposte.
You closely miss the kobold.
The kobold is moderately wounded.
The adder bites you.
* * * LOW HITPOINT WARNING * * *
It was a potion of brilliance.
You feel clever all of a sudden. The adder closely misses you.
The kobold hits you with a +2 short sword of protection.
You die...

##.........## .
#...........# .
##...........#
.......[.....#
###.........##
##........##
##........##
#......K...#
#......@<..#
......S........
#..........####
#..........#
##........##
#........#
#......$...
#..........#


You could see an adder and a kobold.

Vanquished Creatures
  A dart slug (D:2)
  3 endoplasms
  3 giant cockroaches
  2 goblins (D:2)
  A hobgoblin (D:2)
  2 kobolds
  A quokka (D:2)
  2 ball pythons (D:1)
  2 bats
  5 rats
22 creatures vanquished.

Vanquished Creatures (others)
  A plant (D:1)
1 creature vanquished.

Grand Total: 23 creatures vanquished

Notes
Turn   | Place    | Note
-------+----------+-------------------------------------------
     0 | D:1      | dolemite99 the Demonspawn Berserker began the quest for the
                  | Orb.
     0 | D:1      | Reached XP level 1. HP: 18/18 MP: 1/1
   488 | D:1      | Found Lutieqif's Armour Shoppe.
   494 | D:1      | Gained mutation: You sometimes gain a little power by
                  | taking damage. [demonic ancestry]
   494 | D:1      | Reached XP level 2. HP: 22/24 MP: 2/2
  1151 | D:2      | Slain by a kobold

Illustrated notes

Levels and vault maps discovered:
D:1:      nicolae_arrival_washed_ashore, layout_rooms, serial_shops, shop,
          shapermc_ecumenical_altar_mp_urbaneastern, serial_bayou_crossing
D:2:      layout_rooms, fountainhead

Skill      XL: |  1 |
---------------+----+-----
Long Blades    | 3 |  3.7
Fighting       | |  3.0
Armour         | |  1.7
Dodging        | |  1.7

Action                   || total
-------------------------++-------
Melee: Falchion          ||    51
  Use: Potion            ||     1
 Stab: Sleeping          ||     1
Armor: Animal skin       ||    11
Dodge: Dodged            ||    32
       Rpst.: Falchion   ||    11

Table legend: (Time is in decaauts)
 A = Elapsed time spent in this place.
 B = Non-inter-level travel time spent in this place.
 C = Inter-level travel time spent in this place.
 D = Time resting spent in this place.
 E = Time spent auto-exploring this place.
 F = Levels seen in this place.
 G = Mean time per level.
                   A        B        C        D        E       F      G
               +--------+--------+--------+--------+--------+-----+--------+
         Total |   1162 |   1145 |     17 |    275 |    660 |   2 |  581.0 |
       Dungeon |   1162 |   1145 |     17 |    275 |    660 |   2 |  581.0 |
               +--------+--------+--------+--------+--------+-----+--------+

Top non-repeatable levels by time:
     D:1: 766 daAuts
     D:2: 396 daAuts
